AoeStats
← B-Matt

Black Forest

510380554Analyzed
2v2 RM · 1d ago on Sep 30, 2026· 68m 44s· 4 players
Game mode
Random Map
Map size
Medium (4 player)
Population
200
Speed
Normal
Resources
Standard
Victory
Conquest
Starting age
Dark Age
Ending age
Imperial Age
RankedLock teamsTeams togetherTeam positionsShared explorationLock speedFull tech treeHidden civsTurbo modeCheats
Victory
Defeat
🇭🇷 Bohemians · Croatia
859
+18
🇭🇷 Khmer · Croatia
858
+19
🇮🇹 Spanish · Italy
924
-19
🇨🇿 Teutons · Czechia
912
-18
poruba15
0:29 Loom
15:14 Feudal Age
16:48 Wheelbarrow
16:12 Stone Mining
16:17 Horse Collar
16:47 Town Watch
17:01 Gold Mining
17:12 Double-Bit Axe
21:53 Castle Age
20:20 Fletching
22:44 Town Patrol
23:33 Bodkin Arrow
24:19 Hand Cart
24:05 Town Patrol
24:45 Stone Shaft Mining
27:27 Bow Saw
30:47 Imperial Age
30:23 Ballistics
31:00 Bloodlines
32:43 Chemistry
31:08 Cavalier
35:26 Caravan
39:46 Forging
39:41 Scale Barding Armor
39:37 Scale Mail Armor
39:37 Padded Archer Armor
41:17 Iron Casting
42:02 Two-Man Saw
43:19 Paladin
45:32 Conscription
53:54 Chain Mail Armor
53:54 Leather Archer Armor
54:00 Chain Barding Armor
54:43 Blast Furnace
55:32 Plate Mail Armor
56:40 Ring Archer Armor
mideamarket
5:23 Loom
12:04 Feudal Age
12:38 Double-Bit Axe
18:18 Castle Age
19:29 Wheelbarrow
21:35 Horse Collar
30:49 Imperial Age
28:15 Gold Mining
28:19 Stone Mining
28:32 Heavy Plow
30:49 Ballistics
30:29 Fletching
30:42 Padded Archer Armor
30:54 Bow Saw
31:32 Stone Shaft Mining
32:07 Elite Conquistador
33:24 Hand Cart
34:51 Chemistry
33:48 Bodkin Arrow
34:09 Leather Archer Armor
35:51 Caravan
36:59 Two-Man Saw
36:21 Murder Holes
37:56 Bracer
38:27 Ring Archer Armor
38:39 Onager
50:51 Forging
50:47 Scale Barding Armor
58:34 Bloodlines
58:26 Husbandry
63:10 Coinage
64:45 Thumb Ring
64:05 Elite Skirmisher
64:53 Thumb Ring
B-Matt
0:31 Loom
13:44 Feudal Age
14:51 Double-Bit Axe
18:34 Castle Age
18:24 Horse Collar
20:03 Bow Saw
21:13 Wheelbarrow
23:24 Wheelbarrow
22:53 Heavy Plow
27:41 Fletching
33:06 Imperial Age
31:17 Stone Mining
31:04 Crossbowman
33:11 Hand Cart
33:16 Bodkin Arrow
33:32 Forging
34:02 Scale Mail Armor
34:49 Fortified Wall
35:11 Bracer
35:17 Scale Barding Armor
36:16 Caravan
36:08 Town Watch
37:31 Conscription
38:27 Iron Casting
40:39 Blast Furnace
40:14 Bloodlines
40:04 Husbandry
40:00 Light Cavalry
42:45 Pikeman
43:45 Halberdier
52:07 Ballistics
54:05 Arbalester
54:17 Cavalier
58:28 Capped Ram
61:48 Arson
67:34 Siege Ram
Hitman
0:26 Loom
11:55 Feudal Age
16:38 Castle Age
16:03 Double-Bit Axe
16:00 Horse Collar
18:26 Bow Saw
26:53 Squires
27:31 Fervor
32:00 Imperial Age
30:25 Wheelbarrow
29:58 Heavy Plow
31:28 Chemistry
31:43 Wagenburg Tactics
31:42 Fletching
32:05 Forging
34:28 Two-Man Saw
34:29 Caravan
34:32 Pikeman
36:20 Hand Cart
36:47 Scale Mail Armor
36:44 Bodkin Arrow
37:56 Conscription
38:55 Halberdier
40:41 Iron Casting
40:21 Chain Mail Armor
40:07 Bracer
40:45 Coinage
40:25 Guilds
40:21 Husbandry
40:44 Padded Archer Armor
42:06 Siege Engineers
42:23 Ballistics
42:25 Elite Hussite Wagon
45:22 Cavalier
45:50 Houfnice
51:32 Blast Furnace
57:34 Plate Mail Armor
57:20 Leather Archer Armor
62:24 Banking
65:08 Scale Barding Armor
67:59 Hussite Reforms
Connection lost

Rejoining the realm…

Still unreachable

The connection could not be restored.

Session expired

The server has moved on; the page needs a fresh start.